 Dungeon Crawl Stone Soup version 0.29-a0-1047-g7c58e119a4 (webtiles) character file.

Game seed: 4077380697997628371

4 ytrimaz the Insei (level 1, -1/15 HPs)
             Began as a Demonspawn Transmuter on Aug 17, 2022.
             Slain by a hobgoblin (4 damage)
             ... on level 1 of the Dungeon.
             The game lasted 00:00:10 (103 turns).

ytrimaz the Insei (Demonspawn Transmuter)            Turns: 103, Time: 00:00:11

Health: -1/15      AC:  2    Str: 10    XL:     1   Next: 50%
Magic:  3/3        EV: 12    Int: 14    God:
Gold:   9          SH:  0    Dex: 13    Spells: 3/4 levels left

rFire   . . .      SeeInvis .     - Unarmed
rCold   . . .      Faith    .   (no shield)
rNeg    . . .      Spirit   .   a - +0 robe
rPois   .          Reflect  .   (no helmet)
rElec   .          Harm     .   (no cloak)
rCorr   .          Rampage  .   (no gloves)
Will    .....                   (no boots)
Stlth   +.........              (no amulet)
HPRegen 0.05/turn               (no ring)
MPRegen 0.08/turn               (no ring)

@: no status effects
A: no striking features
a: no special abilities


You were on level 1 of the Dungeon.
You visited 1 branch of the dungeon, and saw 1 of its levels.

You collected 9 gold pieces.

Inventory:

Armour
 a - a +0 robe (worn)
Potions
 b - a potion of lignification
 c - a potion of flight {unknown}
 d - a potion of heal wounds {unknown}


   Skills:
 - Level 1.0 Fighting
 + Level 1.8 Dodging
 + Level 2.9 Unarmed Combat
 - Level 2.0 Spellcasting
 + Level 1.8 Transmutations


You had 3 spell levels left.
You knew the following spells:

 Your Spells              Type           Power      Damage    Failure   Level
a - Beastly Appendage     Tmut           12%        N/A       11%         1

Your spell library contained the following spells:

 Spells                   Type           Power      Damage    Failure   Level
 Wereblood                Tmut           6%         N/A       17%         2
 Spider Form              Tmut/Pois      3%         N/A       43%         3
 Ice Form                 Ice/Tmut       3%         N/A       85%         4


Dungeon Overview and Level Annotations

Branches:
Dungeon (1/15)

Altars:


Message History

Found a leather armour.
You see here a hobgoblin corpse.
Your horns disappear.
Your talons disappear.
HP restored.
A quokka comes into view.
You see here a glowing coppery potion.
A quokka is nearby!
A quokka is nearby!
A quokka is nearby!
You grow a pair of large bovine horns.
Your feet morph into talons.
You see here a glowing coppery potion.
d - a glowing coppery potion Your transformation is almost over.
A ball python comes into view.
Found a scroll labelled EGAEGO CESKAR.
The ball python hisses angrily.
The ball python closely misses you. The ball python barely misses you.
A hobgoblin comes into view.
The quokka closely misses you. The ball python completely misses you.
The ball python misses you.
You hit the ball python. Your kick misses the ball python.
You headbutt the ball python.
You kill the ball python!
The quokka bites you. The quokka bites you.
You miss the quokka. The quokka barely misses you.
You hit the quokka but do no damage. The quokka bites you.
You closely miss the quokka. The quokka bites you.
You hit the quokka but do no damage. Your kick misses the quokka.
The quokka bites you.
* * * LOW HITPOINT WARNING * * *
You are too injured to fight recklessly!
You hit the quokka.
The quokka is moderately wounded.
The quokka barely misses you.
You closely miss the quokka. You claw the quokka.
The quokka is heavily wounded.
Your horns disappear.
Your talons disappear.
The quokka closely misses you. The hobgoblin hits you.
You die...

#..†.......#
#...†......##
######...........##
...................
###########.######. #
#.....# . # #..##.# ...
# #..##.####.... #
##.[...@g......
##########......r...?...
........................
.........#..............
.....#...#...#..........
..#...#..#..#...#.......
...#..#..#..#..#.......#
....#..#.#.#..#........#
.#...#.#.#.#.#...#......


You could see a quokka and a hobgoblin.

Vanquished Creatures
  A ball python (D:1)
  A hobgoblin (D:1)
  A bat (D:1)
  A frilled lizard (D:1)
4 creatures vanquished.

Notes
Turn   | Place    | Note
-------+----------+-------------------------------------------
     0 | D:1      | ytrimaz the Demonspawn Transmuter began the quest for the
                  | Orb.
     0 | D:1      | Reached XP level 1. HP: 15/15 MP: 3/3
   103 | D:1      | Slain by a hobgoblin

Illustrated notes

Levels and vault maps discovered:
D:1:      minmay_arrival_radiant_lines, layout_rooms,
          ebering_ecumenical_altar_rust

Action                   || total
-------------------------++-------
Melee: Unarmed           ||    14
       Kick              ||     3
       Headbutt          ||     1
 Cast: Beastly Appendage ||     2
Armor: Robe              ||     2
Dodge: Dodged            ||    11

Table legend: (Time is in decaauts)
 A = Elapsed time spent in this place.
 B = Non-inter-level travel time spent in this place.
 C = Inter-level travel time spent in this place.
 D = Time resting spent in this place.
 E = Time spent auto-exploring this place.
 F = Levels seen in this place.
 G = Mean time per level.
                   A        B        C        D        E       F      G
               +--------+--------+--------+--------+--------+-----+--------+
         Total |    102 |    102 |      0 |      0 |     71 |   1 |  102.0 |
       Dungeon |    102 |    102 |      0 |      0 |     71 |   1 |  102.0 |
               +--------+--------+--------+--------+--------+-----+--------+

Top non-repeatable levels by time:
     D:1: 102 daAuts
